 Dungeon Crawl Stone Soup version 0.22-a0-322-g60b3cfd (webtiles) character file.

182 Kairos the Skirmisher (level 5, -5/43 HPs)
             Began as a Barachi Fighter on Apr 4, 2018.
             Slain by an orc warrior
             ... wielding a +0 short sword
              (21 damage)
             ... on level 3 of the Dungeon.
             The game lasted 00:03:09 (2102 turns).

Kairos the Skirmisher (Barachi Fighter)             Turns: 2102, Time: 00:03:10

Health: -5/43      AC:  7    Str: 17    XL:     5   Next: 62%
Magic:  5/5        EV:  7    Int:  8    God:
Gold:   128        SH:  9    Dex: 13    Spells: 4/4 levels left

rFire    . . .     SeeInvis .   a - +0 long sword
rCold    + . .     Gourm    .   c - +0 shield
rNeg     . . .     Faith    .   b - +0 scale mail
rPois    .         Spirit   .   (no helmet)
rElec    .         Reflect  .   (no cloak)
rCorr    .         Harm     +   (no gloves)
MR       .....                  (no boots)
Stlth    ..........             h - amulet of harm
HPRegen  0.14/turn              g - ring of protection from cold
MPRegen  0.09/turn              o - ring of wizardry

@: slow
A: +LOS, swims, slowness 1, strong legs 1
a: Hop


You were on level 3 of the Dungeon.
You were not hungry.

You visited 1 branch of the dungeon, and saw 4 of its levels.

You collected 128 gold pieces.

Inventory:

Hand Weapons
 a - a +0 long sword (weapon)
Armour
 b - a +0 scale mail (worn)
 c - a +0 shield (worn)
Jewellery
 g - a ring of protection from cold (left hand)
 h - an amulet of harm (around neck)
 o - a ring of wizardry (right hand)
Wands
 p - a wand of enslavement (22)
Scrolls
 e - 6 scrolls of identify {unknown}
 l - a scroll of fog {unknown}
 r - a scroll of noise {unknown}
 s - 2 scrolls of immolation {unknown}
Potions
 d - 3 potions of might
 i - 2 potions of agility {unknown}
 j - 2 potions of resistance {unknown}
 k - a potion of flight {unknown}
 m - a potion of mutation {unknown}
 n - a potion of curing {unknown}
 q - a potion of degeneration {unknown}
Comestibles
 f - 6 rations
 t - 3 chunks of flesh


   Skills:
 + Level 4.5 Fighting
 + Level 4.4 Long Blades
 + Level 4.4 Armour
 + Level 1.2 Dodging
 + Level 4.2 Shields


You had 4 spell levels left.
You didn't know any spells.

Dungeon Overview and Level Annotations

Branches:
Dungeon (4/15)
 Temple: D:4-7

Altars:


Innate Abilities, Weirdness & Mutations

Shadows flee at your approach. (+LOS)
You can swim through water.
You cover ground slowly.
You can hop short distances.


Message History

The orc wizard blinks!
The orc warrior closely misses you.
You riposte.
You closely miss the orc warrior.
The frilled lizard bites you but does no damage.
The orc warrior hits you but does no damage.
You climb upwards.
There is a stone staircase leading down here.
Your shield and scale mail prevent you from hitting the orc warrior.
You block the frilled lizard's attack. The orc warrior closely misses you.
You hit the orc warrior but do no damage.
The frilled lizard bites you but does no damage.
The orc warrior hits you but does no damage.
You block the frilled lizard's attack.
The orc warrior hits you with a short sword!
The orc warrior hits you with a short sword!
You are too injured to fight recklessly!
You are too injured to fight recklessly!
You are too injured to fight recklessly!
You closely miss the orc warrior.
The orc warrior hits you with a short sword!!
You die...

#....##.####.#.........
##.#.....# #.#.########
#.....#######.#..<...<..
##............###.####..
#.......#...............
##.รท....#..####.#.......
#.####.#..####.##......
#.# ####>.......+......
#.# #.@ol.####.##......
#.# #.##.#####.##......
#.# #.##.......##......
#.# #.#################
#.# #.# #.# #.# ##.###.#
#......# ########


You could see an orc warrior and a frilled lizard.

Vanquished Creatures
  A hound (D:4)
  An orc wizard (D:3)
  4 adders
  An ooze (D:2)
  3 worms
  3 dart slugs
  3 leopard geckos
  3 orcs (D:3)
  9 bats
  3 giant cockroaches
  5 goblins
  7 hobgoblins
  2 jackals (D:2)
  A quokka (D:2)
  A ball python (D:1)
  5 frilled lizards
  6 kobolds
  7 rats
65 creatures vanquished.

Notes
Turn   | Place    | Note
-------+----------+-------------------------------------------
     0 | D:1      | Kairos the Barachi Fighter began the quest for the Orb.
     0 | D:1      | Reached XP level 1. HP: 18/18 MP: 1/1
   147 | D:1      | Reached XP level 2. HP: 24/25 MP: 2/2
   398 | D:1      | Reached XP level 3. HP: 30/30 MP: 3/3
  1126 | D:2      | Reached XP level 4. HP: 35/37 MP: 4/4
  1927 | D:3      | Reached XP level 5. HP: 36/43 MP: 5/5
  1941 | D:3      | Reached skill level 1 in Dodging
  2081 | D:4      | Noticed an orc warrior
  2102 | D:3      | Slain by an orc warrior

Vault maps used:
D:1:      elethiomel_arrival_shortcut
D:2:      first_ration, hangedman_abyss_or_decor_lesser_grid
D:4:      kennysheep_mini_moat

Skill      XL: |  1  2  3  4  5 |
---------------+----------------+-----
Fighting       | 4 |  4.5
Long Blades    | 3 4 |  4.4
Armour         | 4 |  4.4
Shields        | 4 |  4.2
Dodging        | 1 |  1.2

Action                   |  1- 3 |  4- 6 || total
-------------------------+-------+-------++-------
Melee: Long sword        |   112 |   118 ||   230
  Eat: Chunk             |     1 |     4 ||     5
Armor: Scale mail        |    52 |    47 ||    99
Dodge: Dodged            |    45 |    40 ||    85
Block: Shield            |    61 |    66 ||   127
       Rpst.: Long sword |    14 |    14 ||    28

Table legend:
 A = Spawn XP
 B = Non-spawn XP
 C = Spawn XP percentage of total XP
 D = Spawn monster count
 E = Non-spawn monster count
 F = Spawn count percentage of total count
 G = Total turns spent on level
                    A         B        C        D         E        F      G
               +---------+---------+-------+---------+---------+-------+---------
         Total |       0 |     261 |   0.0 |       0 |      65 |   0.0 |  2102
               +---------+---------+-------+---------+---------+-------+---------
           D:1 |       0 |      41 |   0.0 |       0 |      24 |   0.0 |   840
           D:2 |       0 |      59 |   0.0 |       0 |      19 |   0.0 |   721
           D:3 |       0 |     116 |   0.0 |       0 |      21 |   0.0 |   524
           D:4 |       0 |      45 |   0.0 |       0 |       1 |   0.0 |    17
               +---------+---------+-------+---------+---------+-------+---------
